 Dungeon Crawl Stone Soup version 0.30-a0-632-g346586fe48 (webtiles) character file.

Game seed: 2064802768493635803

20 Newt the Ducker (level 2, -15/22 HPs)
             Began as a Demonspawn Gladiator on Jan 14, 2023.
             Demolished by Sigmund
             ... wielding a +1 heavy scythe
              (20 damage)
             ... on level 2 of the Dungeon.
             The game lasted 00:01:09 (955 turns).

Newt the Ducker (Demonspawn Gladiator)               Turns: 955, Time: 00:01:10

Health: -15/22     AC:  6    Str: 14    XL:     2   Next: 58%
Magic:  2/2        EV: 12    Int:  9    God:
Gold:   44         SH:  0    Dex: 14    Spells: 1/1 levels left

rFire   . . .      SeeInvis .    a - +0 rapier
rCold   . . .      Faith    .    (no shield)
rNeg    . . .      Spirit   .    b - +0 leather armour
rPois   .          Reflect  .    c - +0 helmet
rElec   .          Harm     .    (no cloak)
rCorr   .          Rampage  .    k - +1 pair of gloves
Will    .....                    (no boots)
Stlth   ++                       (no amulet)
HPRegen 0.23/turn                (no ring)
MPRegen 0.08/turn                (no ring)

@: no status effects
A: spiny 1
a: no special abilities


You were on level 2 of the Dungeon.
You visited 1 branch of the dungeon, and saw 2 of its levels.

You collected 44 gold pieces.

Inventory:

Hand Weapons
 a - a +0 rapier (weapon)
Missiles
 d - a throwing net (quivered)
 e - a javelin
Armour
 b - a +0 leather armour (worn)
 c - a +0 helmet (worn)
 k - a +1 pair of gloves (worn)
Potions
 f - a potion of attraction {unknown}
 h - a potion of invisibility {unknown}
 j - 2 potions of curing


   Skills:
 - Level 2.0 Fighting
 - Level 2.6 Short Blades
 - Level 1.7 Throwing
 - Level 2.6 Dodging
 + Level 2.3 Stealth


You had one spell level left.
You didn't know any spells.
Your spell library was empty.

Dungeon Overview and Level Annotations

Branches:
Dungeon (2/15)

Altars:

Shops:
D:2 *

Annotations:
D:2 Sigmund


Innate Abilities, Weirdness & Mutations

You are partially covered in sharp spines.


Message History

You hit Sigmund.
Sigmund is moderately wounded.
You hit Sigmund.
Sigmund is heavily wounded.
Sigmund struggles against the net.
You hit Sigmund but do no damage.
Sigmund is heavily wounded.
Sigmund struggles against the net.
The rat is struck by your spines. The rat closely misses you.
You strike the helpless Sigmund from behind!
You puncture Sigmund!
Sigmund is severely wounded.
Sigmund gestures at you while chanting.
You are confused.
Sigmund struggles against the net.
The net rips apart, and Sigmund comes free!
The rat barely misses you.
You hit Sigmund but do no damage.
Sigmund is severely wounded.
The rat is struck by your spines. The rat bites you.
Non-targeted confused throw: 2 throwing nets
Press: ? - help, Q - select action, (/) - cycle Dir - look around, f - activate You throw a throwing net.
Sigmund hits you with a +1 heavy scythe!
Ouch! That really hurt!
* * * LOW HITPOINT WARNING * * *
The rat is struck by your spines.
You kill the rat!
It was a potion of curing.
You feel better.
You hit Sigmund.
Sigmund is almost dead.
Sigmund casts a spell at you. The magic dart hits you.
* * * LOW HITPOINT WARNING * * *
Okay, then.
You barely miss Sigmund.
Sigmund is almost dead.
Sigmund hits you with a +1 heavy scythe!!
Ouch! That really hurt!
You die...

......≈≈≈..
.?.....(.
.....[.#
......#
.....# ....
##)#####.#
#(@@....(#
#..†#....#
#..## ..#
#.#.# #
#...# #...#
#...# #...#
#....


You could see Sigmund.

Vanquished Creatures
  A bat (D:1)
  An endoplasm (D:1)
  3 goblins
  A hobgoblin (D:1)
  4 quokkas (D:1)
  2 ball pythons (D:1)
  A frilled lizard (D:1)
  2 kobolds (D:1)
  2 rats
17 creatures vanquished.

Notes
Turn   | Place    | Note
-------+----------+-------------------------------------------
     0 | D:1      | Newt the Demonspawn Gladiator began the quest for the Orb.
     0 | D:1      | Reached XP level 1. HP: 16/16 MP: 1/1
    53 | D:1      | Reached skill level 1 in Stealth
   120 | D:1      | Gained mutation: You are partially covered in sharp spines.
                  | [demonic ancestry]
   120 | D:1      | Reached XP level 2. HP: 19/22 MP: 2/2
   272 | D:1      | Found a faded altar of an unknown god.
   891 | D:2      | Found Ukhe's Assorted Antiques.
   939 | D:2      | Noticed Sigmund
   955 | D:2      | Demolished by Sigmund

Illustrated notes

Levels and vault maps discovered:
D:1:      psy_arrival_conway, layout_basic, basic_ecumenical_altar
D:2:      layout_rooms, serial_shops, nicolae_shop_advertising_works
          [nicolae_subvault_shop_adworks], chequers_serial_rivers_small_b,
          serial_bayou_crossing, uniq_sigmund

Skill      XL: |  1  2 |
---------------+-------+-----
Stealth        | 1 2 |  2.3
Fighting       | |  2.0
Short Blades   | |  2.6
Throwing       | |  1.7
Dodging        | |  2.6

Action                   || total
-------------------------++-------
Melee: Rapier            ||    51
Throw: Throwing net      ||     3
       Dart              ||     2
  Use: Scroll            ||     5
       Potion            ||     1
 Stab: Held in net/web   ||     2
Armor: Leather armour    ||    11
Dodge: Dodged            ||    21

Table legend: (Time is in decaauts)
 A = Elapsed time spent in this place.
 B = Non-inter-level travel time spent in this place.
 C = Inter-level travel time spent in this place.
 D = Time resting spent in this place.
 E = Time spent auto-exploring this place.
 F = Levels seen in this place.
 G = Mean time per level.
                   A        B        C        D        E       F      G
               +--------+--------+--------+--------+--------+-----+--------+
         Total |    962 |    933 |     29 |    201 |    588 |   2 |  481.0 |
       Dungeon |    962 |    933 |     29 |    201 |    588 |   2 |  481.0 |
               +--------+--------+--------+--------+--------+-----+--------+

Top non-repeatable levels by time:
     D:1: 898 daAuts
     D:2: 63 daAuts
